 Dungeon Crawl Stone Soup version 0.24-a0-443-g80245de385 (webtiles) character file.

Game seed: 16786205428807336846

708 Murumi the Shield-Bearer (level 8, -10/60 HPs)
             Began as a Formicid Fighter on June 21, 2019.
             Was an Initiate of Cheibriados.
             Killed by divine providence
             ... invoked by an orc priest
              (13 damage)
             ... on level 5 of the Dungeon.
             The game lasted 00:15:27 (4164 turns).

Murumi the Shield-Bearer (Formicid Fighter)         Turns: 4164, Time: 00:15:28

Health: -10/60     AC:  9    Str: 23    XL:     8   Next: 0%
Magic:  20/20      EV:  9    Int: 10    God:    Cheibriados [......]
Gold:   204        SH: 10    Dex: 11    Spells: 7/7 levels left

rFire    . . .     SeeInvis +   a - +0 long sword
rCold    . . .     Gourm    +   c - +0 shield
rNeg     + . .     Faith    .   b - +0 scale mail
rPois    .         Spirit   .   (helmet unavailable)
rElec    .         Reflect  .   n - +1 cloak
rCorr    .         Harm     .   (no gloves)
MR       .....                  (no boots)
Stlth    ..........             s - amulet of the gourmand
HPRegen  0.20/turn              r - ring of magical power
MPRegen  0.17/turn              j - ring of positive energy

@: very slow
A: permanent stasis, dig shafts and tunnels, four strong arms, antennae 3
a: Dig, Shaft Self, Bend Time, Renounce Religion


You were on level 5 of the Dungeon.
You worshipped Cheibriados.
Cheibriados was noncommittal.
You were very full.

You visited 1 branch of the dungeon, and saw 5 of its levels.

You collected 204 gold pieces.

Inventory:

Hand Weapons
 a - a +0 long sword (weapon)
Missiles
 e - 73 poisoned darts
 h - 52 stones (quivered)
 l - 21 bolts
Armour
 b - a +0 scale mail (worn)
 c - a +0 shield (worn)
 n - a +1 cloak (worn)
Jewellery
 j - a ring of positive energy (right hand)
 r - a ring of magical power (left hand)
 s - an amulet of the gourmand (around neck)
Wands
 p - a wand of flame (8)
 t - a wand of iceblast (5)
Scrolls
 g - 3 scrolls of remove curse
Potions
 d - 2 potions of might
 i - 2 potions of flight
 k - 3 potions of mutation
 o - a potion of ambrosia {unknown}
 q - a potion of berserk rage {unknown}
 u - a potion of resistance {unknown}
Comestibles
 f - 6 rations


   Skills:
 - Level 4.0 Fighting
 + Level 3.3 Long Blades
 - Level 4.3 Armour
 - Level 1.0 Dodging
 - Level 6.1 Shields
 - Level 2.2 Invocations
 - Level 5.0 Evocations


You had 7 spell levels left.
You didn't know any spells.
Your spell library contained the following spells:

 Spells                   Type           Power        Failure   Level  Hunger
 Magic Dart               Conj           #...         86%         1    ##.....
 Searing Ray              Conj           #.....       95%         2    ###....
 Dazzling Spray           Conj/Hex       #.....       99%         3    ####...
 Force Lance              Conj/Tloc      #.......     100%        4    #####..
 Fulminant Prism          Conj/Hex       #.........   100%        4    #####..
 Iskenderun's Mystic Bla  Conj           #.......     100%        4    #####..


Dungeon Overview and Level Annotations

Branches:
Dungeon (5/15)
 Temple: D:4-7

Altars:
Cheibriados
Trog
Xom


Innate Abilities, Weirdness & Mutations

You cannot be hasted, slowed, berserked, paralysed or teleported.
You can dig through walls and to a lower floor.
Your four strong arms can wield two-handed weapons with a shield.
You have a pair of large antennae on your head. (SInv)


Message History

You have reached level 8!
You feel clever. You block the orc's attack.
You slash the orc!
You kill the orc!
Cheibriados appreciates the change of pace.
You feel sick.
The orc priest looks satisfied for a moment.
Your shield prevents you from hitting the orc priest.
The orc priest calls down the wrath of Beogh upon you.
You struggle to resist.
You hit the orc priest but do no damage.
The orc priest hits you with a +0 flail.
* * * LOW HITPOINT WARNING * * *
Okay, then.
You barely miss the orc priest.
You feel sick.
You are no longer poisoned.
The orc priest calls down the wrath of Beogh upon you.
Beogh smites you!
You die...

.(.(..# # #....#..##
....(.#.. ##...
..#.#.... †<.(.((..
....###...#..#
#######..
#.....<..#..#
#........#..##
##....o.o.#Z...
###...####.{#Z... {
##o#.#.###.#.#####
#@#..#.##.........
#.####.#.#{.........
#.........{{..(.....
#####..#...........#
#..#ooh........#
#..##..........#
#..............#
##.##.........#
..##.........


You could see an orc priest.

Vanquished Creatures
  2 phantoms
  An ogre (D:4)
  A scorpion (D:5)
  2 howler monkeys
  2 crimson imps (D:5)
  A hound (D:4)
  2 orc priests
  A worker ant (D:4)
  A hound skeleton (D:5)
  4 adders
  An adder skeleton (D:4)
  2 worms
  A dart slug (D:3)
  3 leopard geckos
  10 orcs
  11 bats
  3 giant cockroaches
  8 goblins
  5 hobgoblins
  5 jackals (D:3)
  A quokka (D:2)
  A ball python (D:2)
  5 frilled lizards
  A jackal skeleton (D:4)
  7 kobolds
  A leopard gecko skeleton (D:4)
  7 rats
89 creatures vanquished.

Notes
Turn   | Place    | Note
-------+----------+-------------------------------------------
     0 | D:1      | Murumi the Formicid Fighter began the quest for the Orb.
     0 | D:1      | Reached XP level 1. HP: 18/18 MP: 1/1
   106 | D:1      | Reached skill level 1 in Dodging
   132 | D:1      | Reached XP level 2. HP: 24/24 MP: 2/2
   162 | D:1      | Reached skill level 4 in Shields
   528 | D:1      | Reached XP level 3. HP: 29/29 MP: 3/3
  1629 | D:3      | Reached XP level 4. HP: 37/37 MP: 4/4
  1891 | D:3      | Reached skill level 1 in Evocations
  2444 | D:4      | Noticed an ogre
  2472 | D:4      | Reached XP level 5. HP: 41/42 MP: 5/5
  2919 | D:4      | Found a snail-covered altar of Cheibriados.
  2919 | D:4      | Found a shimmering altar of Xom.
  2926 | D:4      | Became a worshipper of Cheibriados the Contemplative
  2970 | D:4      | Killed an ogre
  2970 | D:4      | Reached XP level 6. HP: 48/48 MP: 8/8
  3033 | D:4      | Found a bloodstained altar of Trog.
  3080 | D:4      | Noticed a phantom
  3126 | D:4      | Killed a phantom
  3173 | D:4      | Reached skill level 5 in Evocations
  3173 | D:4      | Reached XP level 7. HP: 35/54 MP: 10/10
  3493 | D:4      | Reached skill level 1 in Invocations
  3786 | D:5      | Entered Level 5 of the Dungeon
  3943 | D:5      | Reached skill level 5 in Shields
  4137 | D:5      | Reached skill level 6 in Shields
  4160 | D:5      | Reached XP level 8. HP: 6/60 MP: 11/11
  4164 | D:5      | HP: 3/60 [poisoned by a scorpion]
  4164 | D:5      | Killed from afar by an orc priest

Levels and vault maps discovered:
D:1:      minmay_arrival_up_and_down, layout_loops_ring, patterned_corridor
D:2:      layout_rooms, first_ration
D:3:      layout_loops_cross
D:4:      layout_basic, amethyst_overflow_temple_binary, old_standard_altar,
          kennysheep_flooded_box, grunt_ministairs_3
D:5:      layout_rooms, gammafunk_ghost_mausoleum, uniq_blork_the_orc,
          uniq_edmund

Skill      XL: |  1  2  3  4  5  6  7 |
---------------+----------------------+-----
Dodging        | 1 |  1.0
Shields        | 4 6 |  6.1
Long Blades    | 3 |  3.3
Fighting       | 4 |  4.0
Evocations     | 1 3 5 |  5.0
Armour         | 4 |  4.3
Invocations    | 2 |  2.2

Action                   |  1- 3 |  4- 6 |  7- 9 || total
-------------------------+-------+-------+-------++-------
Melee: Long sword        |   117 |   138 |   123 ||   378
Throw: Stone             |    63 |   102 |    41 ||   206
       Dart              |     1 |     6 |       ||     7
       Throwing net      |       |     1 |       ||     1
 Abil: Dig               |       |     1 |     4 ||     5
  Use: Scroll            |     3 |     5 |       ||     8
 Stab: Held in net/web   |       |     1 |       ||     1
  Eat: Chunk             |     2 |    23 |     2 ||    27
Armor: Scale mail        |    57 |    57 |    38 ||   152
Dodge: Dodged            |    47 |    35 |    32 ||   114
Block: Shield            |    69 |    75 |    54 ||   198
       Rpst.: Long sword |    17 |    15 |    11 ||    43

Table legend:
 A = Non-vault XP
 B = Vault XP
 C = Vault XP percentage of total XP
 D = Non-vault monster count
 E = Vault monster count
 F = Vault count percentage of total count
                 A         B        C        D         E       F
            +---------+---------+-------+---------+---------+-------
      Total |     836 |     176 |  17.4 |      87 |       2 |   2.2
            +---------+---------+-------+---------+---------+-------
        D:1 |      34 |       0 |   0.0 |      22 |       0 |   0.0
        D:2 |      28 |       0 |   0.0 |      10 |       0 |   0.0
        D:3 |      74 |       0 |   0.0 |      28 |       0 |   0.0
        D:4 |     264 |     176 |  40.0 |      12 |       2 |  14.3
        D:5 |     436 |       0 |   0.0 |      15 |       0 |   0.0
            +---------+---------+-------+---------+---------+-------
